 Dungeon Crawl Stone Soup version 0.29-a0-723-gce39da1c22 (webtiles) character file.

Game seed: 2631271676280588681

1 gobodom the Stinger (level 1, -2/13 HPs)
             Began as a Demonspawn Venom Mage on June 29, 2022.
             Slain by a hobgoblin (3 damage)
             ... on level 1 of the Dungeon.
             The game lasted 00:00:46 (45 turns).

gobodom the Stinger (Demonspawn Venom Mage)           Turns: 45, Time: 00:00:46

Health: -2/13      AC:  2    Str:  8    XL:     1   Next: 16%
Magic:  0/3        EV: 12    Int: 16    God:
Gold:   23         SH:  0    Dex: 13    Spells: 3/4 levels left

rFire   . . .      SeeInvis .   c - +0 glaive
rCold   . . .      Faith    .   (shield currently unavailable)
rNeg    . . .      Spirit   .   a - +0 robe
rPois   .          Reflect  .   (no helmet)
rElec   .          Harm     .   (no cloak)
rCorr   .          Rampage  .   (no gloves)
Will    .....                   (no boots)
Stlth   ++........              (no amulet)
HPRegen 0.04/turn               (no ring)
MPRegen 0.08/turn               (no ring)

@: no status effects
A: no striking features
a: no special abilities


You were on level 1 of the Dungeon.
You visited 1 branch of the dungeon, and saw 1 of its levels.

You collected 23 gold pieces.

Inventory:

Hand Weapons
 c - a +0 glaive (weapon)
Missiles
 d - 3 javelins
Armour
 a - a +0 robe (worn)
Potions
 b - a potion of magic
 e - a potion of flight {unknown}


   Skills:
 + Level 1.7 Dodging
 + Level 1.7 Stealth
 + Level 2.0 Spellcasting
 + Level 0.8 Transmutations
 + Level 3.1 Poison Magic


You had 3 spell levels left.
You knew the following spells:

 Your Spells              Type           Power      Damage    Failure   Level
a - Sting                 Tmut/Pois      28%        1d4       10%         1

Your spell library contained the following spells:

 Spells                   Type           Power      Damage    Failure   Level
 Poisonous Vapours        Pois/Air       12%        N/A       17%         2
 Mephitic Cloud           Conj/Pois/Air  4%         N/A       38%         3
 Olgreb's Toxic Radiance  Pois           11%        N/A       50%         4


Dungeon Overview and Level Annotations

Branches:
Dungeon (1/15)

Altars:


Message History

You see here 11 gold pieces.
The sting hits the hobgoblin but does no damage.
The hobgoblin is poisoned.
A hobgoblin comes into view. It is wielding a +0 sling.
The sting hits the hobgoblin.
The hobgoblin looks even sicker.
The hobgoblin is heavily wounded.
You kill the hobgoblin!
You now have 23 gold pieces (gained 11).
The sting misses the quokka.
The quokka bites you.
You are out of magic!
Really attack while wielding nothing? [Y]es or [N]o only, please.
Really attack while wielding nothing? [Y]es or [N]o only, please.
Really attack while wielding nothing? [Y]es or [N]o only, please.
Really attack while wielding nothing?
Okay, then.
c - a +0 glaive (weapon)
You hit the quokka.
The quokka is almost dead.
The quokka bites you.
The quokka bites you but does no damage.
You closely miss the quokka.
The quokka is severely wounded.
The quokka misses you. The quokka completely misses you.
You closely miss the quokka.
The quokka is severely wounded.
The quokka bites you.
The hobgoblin unwields a +0 sling.
The hobgoblin hits you.
* * * LOW HITPOINT WARNING * * *
The quokka bites you.
* * * LOW HITPOINT WARNING * * *
The hobgoblin closely misses you.
You barely miss the quokka.
The quokka is severely wounded.
The quokka barely misses you.
The hobgoblin hits you but does no damage.
The quokka barely misses you. The hobgoblin hits you.
You die...

.... ..#
#..........#
...........#
...........#
#....#.#..#
.....#.#..####
###...g......#
#....†r@.....+
.###.##.#.......#
.............#####+#
######.##...#...#.#
#.###..#...#.#
#####.###..#.<.'.#
#..........#...#.#
#..........#####'#
#.............#..#


You could see a quokka and a hobgoblin.

Vanquished Creatures
  A hobgoblin (D:1)
1 creature vanquished.

Notes
Turn   | Place    | Note
-------+----------+-------------------------------------------
     0 | D:1      | gobodom the Demonspawn Venom Mage began the quest for the
                  | Orb.
     0 | D:1      | Reached XP level 1. HP: 13/13 MP: 3/3
    45 | D:1      | Slain by a hobgoblin

Illustrated notes

Levels and vault maps discovered:
D:1:      arrival_zaba_pyramid, layout_rooms,
          shapermc_ecumenical_altar_notcrosses, minmay_octomino_j4

Action                   || total
-------------------------++-------
Melee: Glaive            ||     4
 Cast: Sting             ||     3
Armor: Robe              ||     2
Dodge: Dodged            ||     5

Table legend: (Time is in decaauts)
 A = Elapsed time spent in this place.
 B = Non-inter-level travel time spent in this place.
 C = Inter-level travel time spent in this place.
 D = Time resting spent in this place.
 E = Time spent auto-exploring this place.
 F = Levels seen in this place.
 G = Mean time per level.
                   A        B        C        D        E       F      G
               +--------+--------+--------+--------+--------+-----+--------+
         Total |     46 |     46 |      0 |      0 |     10 |   1 |   46.0 |
       Dungeon |     46 |     46 |      0 |      0 |     10 |   1 |   46.0 |
               +--------+--------+--------+--------+--------+-----+--------+

Top non-repeatable levels by time:
     D:1: 46 daAuts
